 Dungeon Crawl Stone Soup version 0.31.0-10-gcf4a605ca0 (webtiles) character file.

Game seed: 11660328655814027012

239 ChodeyFoster420 the Chopper (level 5, -8/41 HPs)
             Began as a Demonspawn Berserker on Jan 26, 2024.
             Was a Priest of Trog.
             Mangled by Menkaure (19 damage)
             ... on level 4 of the Dungeon.
             The game lasted 00:13:20 (3110 turns).

ChodeyFoster420 the Chopper (Demonspawn Berserker)  Turns: 3110, Time: 00:13:20

Health: -8/41      AC:  7    Str: 20    XL:     5   Next: 79%
Magic:  5/5        EV: 11    Int:  7    God:    Trog [***...]
Gold:   83         SH:  0    Dex: 12    Spells: 4/4 levels left

rFire   . . .        i - +1 war axe (heavy)
rCold   . . .        (no shield)
rNeg    . . .        d - +0 ring mail
rPois   .            (no helmet)
rElec   .            (no cloak)
rCorr   .            (no gloves)
SInv    .            e - +1 pair of boots
Will    +....        (no amulet)
Stlth   +            (no ring)
HPRegen 0.26/turn    (no ring)
MPRegen 0.09/turn

%: no passive effects
@: brilliant, on berserk cooldown, enlightened, flying, slowed, very slow
A: demonic magic 2, demonic touch 1
a: Renounce Religion, Berserk, Trog's Hand


You were on level 4 of the Dungeon.
You worshipped Trog.
Trog was most pleased with you.
You visited 1 branch of the dungeon, and saw 4 of its levels.

You collected 83 gold pieces.

Inventory:

Hand Weapons
 a - a +0 hand axe
 c - a +1 broad axe of protection
 i - a +1 heavy war axe (weapon)
Armour
 d - a +0 ring mail (worn)
 e - a +1 pair of boots (worn)
Jewellery
 o - an amulet of magic regeneration
Wands
 f - a wand of polymorph (7)
Scrolls
 j - a scroll of silence
Potions
 b - a potion of enlightenment
 k - a potion of degeneration {unknown}


   Skills:
 - Level 3.0 Fighting
 + Level 6.0 Axes
 - Level 1.7 Armour
 - Level 1.7 Dodging


You had 4 spell levels left.
You didn't know any spells.
Your spell library was empty.

Dungeon Overview and Level Annotations

Branches:
Dungeon (4/15)
 Temple: D:4-7

Altars:

Annotations:
D:4 Menkaure


Innate Abilities, Weirdness & Mutations

Spells you cast may paralyse nearby enemies.
Your touch may inflict minor irresistible damage on your foes.


Message History

You are exhausted.
You feel yourself slow down. The adder completely misses you.
You slice the adder!!
You kill the adder!
Trog accepts your kill.
Menkaure, Prince of Dust comes into view.
Your Axes skill increases to level 6!
Menkaure misses you.
Things that are here:
an adder corpse; a jackal corpse; a jackal corpse You barely miss Menkaure.
Menkaure hits you! Menkaure hits you.
Okay, then.
You are confused.
You feel invigorated. Menkaure hits you!!
You bump into the rock wall.
Menkaure draws the symbol "Udjat" in the dust.
Menkaure barely misses you. Menkaure hits you!
You are too confused!
You slash Menkaure! Your touch misses Menkaure.
Menkaure is heavily damaged.
You feel less invigorated.
You feel less confused.
You feel the effects of Trog's Hand fading.
Menkaure casts a spell at you. You resist with almost no effort.
Menkaure barely misses you.
You barely miss Menkaure. Your touch misses Menkaure.
Menkaure is heavily damaged.
Your skin stops crawling.
You feel less strong-willed. Menkaure hits you!!
Menkaure calls on the powers of darkness!
Your body is wracked with pain!
* * * LOW HITPOINT WARNING * * *
It was a potion of enlightenment.
You feel very buoyant.
You fly up into the air.
Menkaure barely misses you.
It was a potion of brilliance.
You feel clever all of a sudden. Menkaure barely misses you.
It was a potion of magic.
Magic courses through your body. Menkaure hits you!!
You die...

...## .... #..#
#..# ##..#
#####.<.####
.###.............
..../......######
####.###@### #
#M# ####.###.#
...S.hh..#
##.#.#####


You could see Menkaure.

Vanquished Creatures
  A phantom (D:4)
  A bombardier beetle (D:3)
  An orc priest (D:3)
  An adder (D:4)
  A ribbon worm (D:2)
  A dart slug (D:1)
  3 orcs (D:3)
  7 bats
  7 endoplasms
  2 giant cockroaches
  5 hobgoblins (D:1)
  13 jackals
  3 quokkas (D:1)
  5 ball pythons
  4 frilled lizards
  9 goblins
  7 kobolds
  4 rats
75 creatures vanquished.

Notes
Turn   | Place    | Note
-------+----------+-------------------------------------------
     0 | D:1      | ChodeyFoster420 the Demonspawn Berserker began the quest
                  | for the Orb.
     0 | D:1      | Reached XP level 1. HP: 18/18 MP: 1/1
    18 | D:1      | Reached skill level 3 in Axes
    28 | D:1      | Gained mutation: Spells you cast may paralyse adjacent
                  | enemies. [demonic ancestry]
    28 | D:1      | Reached XP level 2. HP: 21/24 MP: 2/2
   388 | D:1      | Found a faded altar of an unknown god.
   572 | D:1      | Reached ** piety under Trog
   651 | D:1      | Gained mutation: Your touch may inflict minor irresistible
                  | damage on your foes. [demonic ancestry]
   651 | D:1      | Reached XP level 3. HP: 29/29 MP: 3/3
   946 | D:1      | Reached skill level 4 in Axes
  1880 | D:2      | Identified the +3 whip of the Final Dances {freeze, rC+}
  2233 | D:2      | Identified a scroll of acquirement
  2233 | D:2      | Acquired a +1 heavy war axe
  2297 | D:3      | Gained mutation: Spells you cast may paralyse nearby
                  | enemies. [demonic ancestry]
  2297 | D:3      | Reached XP level 4. HP: 35/35 MP: 4/4
  2939 | D:3      | Reached skill level 5 in Axes
  2984 | D:3      | Reached XP level 5. HP: 41/41 MP: 5/5
  3087 | D:4      | Noticed a phantom
  3096 | D:4      | Killed a phantom
  3101 | D:4      | Reached *** piety under Trog
  3101 | D:4      | Noticed Menkaure
  3102 | D:4      | Reached skill level 6 in Axes
  3110 | D:4      | Mangled by Menkaure

Illustrated notes

Levels and vault maps discovered:
D:1:      amcnicky_arrival_abandoned_market, layout_basic,
          basic_ecumenical_altar
D:2:      layout_loops_ring, kennysheep_cross_bottleneck
D:3:      layout_basic
D:4:      layout_loops_ring, lemuel_round_altar, nicolae_overflow_two_pavilions,
          minmay_ogre_servants, uniq_menkaure

Skill      XL: |  1  2  3  4  5 |
---------------+----------------+-----
Axes           | 3 4 5 6 |  6.0
Fighting       | |  3.0
Armour         | |  1.7
Dodging        | |  1.7

Action                     |  1- 3 |  4- 6 || total
---------------------------+-------+-------++-------
  Melee: Hand axe          |    33 |       ||    33
         Broad axe         |    87 |       ||    87
         Punch             |     3 |       ||     3
         War axe           |     4 |    44 ||    48
         Touch             |     3 |     4 ||     7
 Invoke: Berserk           |       |     1 ||     1
         Trog's Hand       |       |     1 ||     1
    Use: Scroll            |     9 |     2 ||    11
         Potion            |       |     4 ||     4
   Stab: Sleeping          |     2 |       ||     2
 Armour: Animal skin       |    48 |       ||    48
         Ring mail         |    31 |    35 ||    66
  Dodge: Dodged            |    79 |    26 ||   105
